 Dungeon Crawl Stone Soup version 0.17.0-22-g5edae84 (webtiles) character file.

286221 Kramin the Wrestler (level 20, -3/182 HPs)
             Began as a Ghoul Arcane Marksman on Nov 13, 2015.
             Was the Champion of Ru.
             Killed from afar by an ogre mage (35 damage)
             ... with a bolt of cold
             ... on level 1 of the Vaults.
             The game lasted 02:31:10 (37506 turns).

Kramin the Wrestler (Ghoul Arcane Marksman)        Turns: 37506, Time: 02:31:10

Health: -3/182     AC: 33    Str: 23    XL:     20   Next: 63%
Magic:  12/20      EV: 19    Int: 10    God:    Ru [******]
Gold:   1192       SH:  0    Dex: 17    Spells: 1 memorised, 20 levels left

rFire  . . .     SeeInvis .       - Unarmed
rCold  . . .     Clarity  +     S - +5 plate armour of the Elven Halls {Int+4}
rNeg   + + +     SustAt   .     (no shield)
rPois  ∞         Gourm    .     D - +0 helmet
rElec  .         Spirit   .     w - +2 cloak {rC+}
rCorr  .         Warding  .     f - +2 pair of gloves {Dex+3}
rMut   .         Stasis   .     h - +2 pair of boots {run}
MR     +....                    W - amulet of Petiog {Clar Str+5}
Stlth  ..........               X - +6 ring of evasion
                                g - ring of fire

@: exhausted, rotting, drained, quick, somewhat resistant to hostile
enchantments, extremely unstealthy
A: rotting body, claws 1, carnivore 3, cold resistance 1, dopey 1, negative
energy resistance 3, slow regeneration 1, torment resistance, unbreathing, no
stealth, inability to use devices, temperature sensitive
a: Draw Out Power, Power Leap, Apocalypse, Renounce Religion
}: 2/15 runes: serpentine, barnacled


You were on level 1 of the Vaults.
You worshipped Ru.
Ru was exalted by your worship.
You were not hungry.

You visited 7 branches of the dungeon, and saw 37 of its levels.
You also visited: Labyrinth and Ice Cave.

You collected 3156 gold pieces.
You spent 1964 gold pieces at shops.

Inventory:

Hand Weapons
 b - a +3 blowgun
Missiles
 a - 14 javelins
 e - 8 throwing nets
 p - 40 tomahawks (quivered)
 x - 10 curare-tipped needles
 G - 14 silver javelins
 M - 8 tomahawks of returning
 Q - 84 poisoned needles
 R - 25 javelins of penetration
 Y - 6 poisoned tomahawks
 Z - 13 steel javelins
Armour
 f - a +2 pair of gloves of dexterity (worn)
 h - a +2 pair of boots of running (worn)
 w - a +2 cloak of cold resistance (worn)
 D - a +0 helmet (worn)
 S - the +5 plate armour of the Elven Halls (worn) {Int+4}
   (You acquired it on level 15 of the Dungeon)

   It affects your intelligence (+4).
Jewellery
 g - a ring of fire (left hand)
 s - an uncursed amulet of resist mutation
 t - an uncursed ring of see invisible
 F - an uncursed ring of magical power
 L - an uncursed amulet of regeneration
 O - the ring "Yqaump" {+Inv rElec MP+9 Str+2 Dex+2}
   (You bought it in a shop on level 4 of the Orcish Mines)

   [ring of magical power]

   It affects your strength (+2).
   It affects your dexterity (+2).
   It insulates you from electricity.
   It affects your magic capacity (+9).
   It lets you turn invisible.
 V - an uncursed ring of protection from magic
 W - the amulet of Petiog (around neck) {Clar Str+5}
   (You bought it in a shop on level 4 of the Shoals)

   [amulet of clarity]

   It provides mental clarity.
   It affects your strength (+5).
 X - a +6 ring of evasion (right hand)
Scrolls
 c - 4 scrolls of blinking
 d - 8 scrolls of amnesia
 i - 10 scrolls of remove curse
 m - 2 scrolls of fog
 n - 8 scrolls of fear
 q - 5 scrolls of enchant armour
 y - 5 scrolls of magic mapping
 H - 11 scrolls of teleportation
 K - 7 scrolls of identify
 T - 2 scrolls of silence
 U - a scroll of summoning
Potions
 j - 9 potions of curing
 l - 4 potions of might
 v - 7 potions of flight
 z - 2 potions of ambrosia
 A - 2 potions of magic
 B - 5 potions of haste
 C - 2 potions of cancellation
 E - 2 potions of brilliance
 I - 2 potions of heal wounds
 J - 3 potions of resistance
 P - 3 potions of invisibility
Comestibles
 k - 11 chunks of flesh
 o - 10 slices of pizza
 r - 5 beef jerkies
 u - 12 royal jellies
 N - 10 meat rations


   Skills:
 + Level 16.6(15.0) Fighting
 + Level 13.3(11.8) Throwing
 - Level 14.5(13.0) Armour
 - Level 12.0(10.6) Dodging
 * Level 22.2(20.5) Unarmed Combat
 - Level 1.0(0.0) Spellcasting
 - Level 2.4(1.3) Hexes


You had 20 spell levels left.
You knew the following spells:

 Your Spells              Type           Power        Failure   Level  Hunger
a - Corona                Hex            #......      99%         1    ##.....


Dungeon Overview and Level Annotations

Branches:
Dungeon (15/15)            Temple (0/1) D:6            Lair (8/8) D:10
 Shoals (4/4) Lair:5        Snake (4/4) Lair:3          Orc (4/4) D:9
    Elf (1/3) Orc:4        Vaults (1/5) D:13         Depths (0/5) D:15
  Slime: Lair:6-8

Altars:
Cheibriados
Fedhas
Kikubaaqudgha
Okawaru
Ru
Trog
Xom
Zin
Beogh

Shops:
D:5 }   D:9 ?   Orc:1 }   Orc:2 [   Orc:3 !   Orc:4 *(!(   Shoals:4 *
Snake:3 (

Annotations:
Lair:7 exclusion: oklob plant
Lair:8 exclusion: oklob plant


Innate Abilities, Weirdness & Mutations

Your body is rotting away.
You thrive on raw meat.
You are immune to poison.
You have sharp fingernails.
You are carnivorous and can eat meat at any time.
Your flesh is cold resistant.
You are dopey. (Int -2)
You are immune to negative energy.
You regenerate slowly when monsters are visible.
You are immune to unholy pain and torment.
You can survive without breathing.
You cannot be stealthy.
You cannot study or use magical devices.
You are sensitive to extremes of temperature (rF-, rC-).


Message History

The ironheart preserver slows down under the weight of truth!
You feel drained.
You hear a shout! x4
You punch the vault warden!
The vault warden is severely wounded.
You hear a shout!
You redirect the vault warden's attack!
The vault warden hits itself with a long sword of distortion!
The vault warden blinks!
The ogre mage gestures at you while chanting.
The bolt of fire hits you!
* * * LOW HITPOINT WARNING * * *
You hear a shout!
Drink which item? (? for menu, Esc to quit)
You feel much better.
You pulverise the ogre mage!!!
The ogre mage is severely wounded.
The ogre mage gestures at you while chanting.
The bolt of cold hits you!
You die...

#......#.#
#......#.#
#......#p#
.#......#c#
.#......#(#
...########)###
.........(WK(.#
....######O#).#
. #...)@.#..#
#...)))#J.#
#......#(.#
#......#J.#
+......#..#
#......#..#
########..#
.... .....


You could see a yaktaur captain (paralysed), an ogre mage, a kobold demonologist
(paralysed) and a wraith.

Vanquished Creatures
  Vashnia (Snake:4)
  Rupert (Lair:7)
  A sphinx (Vaults:1)
  2 krakens
  Polyphemus (Shoals:4)
  Agnes (Snake:3)
  Frances (Elf:1)
  19 greater nagas
  A tengu reaver (Vaults:1)
  Roxanne (D:14)
  Ilsuiw (Shoals:4)
  An orc warlord (Orc:4)
  A deep elf sorcerer (Vaults:1)
  Aizul (Snake:4)
  Louise (D:15)
  2 frost giants
  2 vault wardens (Vaults:1)
  4 ironheart preservers (Vaults:1)
  A deep elf annihilator (Vaults:1)
  4 merfolk javelineers
  4 vault guards (D:13)
  A fire dragon (D:15)
  4 yaktaur captains (Vaults:1)
  A minotaur (Lab)
  14 merfolk impalers
  An ice dragon (D:15)
  Harold (Orc:1)
  5 hydras
  8 centaur warriors
  4 catoblepae
  31 naga warriors
  2 merfolk aquamancers (Shoals:4)
  Erica (D:11)
  4 merfolk avatars
  An ogre mage (Vaults:1)
  7 anacondas
  A satyr (Shoals:4)
  2 tengu warriors
  23 death yaks
  5 orc high priests (Orc:4)
  9 shock serpents
  Urug (Orc:3)
  A small abomination (Vaults:1)
  16 naga sharpshooters
  Sonja (Orc:3)
  3 salamander mystics
  5 unseen horrors
  2 ironbrand convokers (Vaults:1)
  A fire crab (Lair:8)
  6 harpies (Shoals:4)
  10 sea snakes
  12 naga ritualists
  4 hill giants
  11 ugly things
  14 griffons
  A necromancer (IceCv)
  11 mana vipers
  8 manticores
  4 fauns (Shoals:2)
  14 salamanders
  4 orc sorcerers (Orc:4)
  A mana viper (shapeshifter) (Vaults:1)
  6 water nymphs
  5 orc knights
  2 cyclopes
  4 elephants (Lair:3)
  8 sirens
  45 black mambas
  27 naga magi
  Maurice (D:8)
  Joseph (D:7)
  A centaur skeleton (D:14)
  10 spiny frogs
  An ice statue (IceCv)
  3 vault sentinels (Vaults:1)
  Psyche (D:8)
  A centaur zombie (D:15)
  10 guardian serpents
  A torpor snail (Lair:6)
  3 komodo dragons
  A kobold demonologist (D:13)
  A tengu conjurer (D:15)
  A redback zombie (D:15)
  An efreet (D:15)
  2 fire drakes
  13 yaktaurs
  2 polar bears
  A queen bee (Lair:5)
  10 freezing wraiths (IceCv)
  24 merfolk
  A deep elf priest (Vaults:1)
  23 blink frogs
  A wolf spider simulacrum (IceCv)
  15 trolls
  12 two-headed ogres
  2 wind drakes (Shoals:4)
  15 slime creatures
  8 snapping turtles
  A vampire (D:15)
  A raiju (shapeshifter) (Vaults:1)
  2 shadows
  The ghost of OmG the Magician, an amateur DEWz (D:4)
  4 water elementals
  4 wraiths
  5 deep elf fighters
  4 deep elf magi
  15 hippogriffs
  82 yaks
  5 hungry ghosts
  6 vampire mosquitoes
  4 basilisks
  A wyvern (Lair:3)
  A death yak simulacrum (IceCv)
  2 mottled dragons
  5 wolves
  2 wargs (Orc:4)
  A soldier ant (D:12)
  14 porcupines
  25 water moccasins
  83 nagas
  A wasp (D:7)
  39 orc warriors
  7 necrophages
  An eye of draining (D:10)
  5 sky beasts
  A black bear (D:10)
  24 centaurs
  5 boggarts (D:14)
  8 ice beasts
  18 crocodiles
  20 ogres
  3 phantoms
  A brain worm (D:13)
  5 big kobolds
  29 giant frogs
  5 gnoll sergeants
  2 wyvern skeletons
  23 killer bees
  8 scorpions
  5 wights (D:6)
  8 electric eels
  3 draconian simulacra (IceCv)
  3 giant frog zombies
  10 crimson imps
  2 giant frog skeletons
  29 orc priests
  2 jellies
  29 orc wizards
  Jessica (D:3)
  8 hounds
  A polar bear simulacrum (IceCv)
  A quasit (D:5)
  9 worker ants
  9 troll simulacra (IceCv)
  A spriggan simulacrum (IceCv)
  11 iguanas
  A wolf simulacrum (IceCv)
  35 sheep
  2 centaur simulacra (IceCv)
  A worker ant zombie (D:9)
  16 adders
  3 gnolls (D:9)
  2 ogre simulacra (IceCv)
  2 naga simulacra (IceCv)
  55 river rats
  4 shadow imps
  23 white imps
  2 oozes
  2 worms
  4 giant geckos
  178 orcs
  6 giant cockroaches
  3 hobgoblins
  3 quokkas
  4 ball pythons
  8 bats
  2 giant gecko skeletons
  9 giant newts
  6 goblins
  10 jackals
  11 kobolds
  10 rats
  8 plants (Shoals:4)
  8 tentacles
1592 creatures vanquished.

Vanquished Creatures (others)
  A death yak (Shoals:4)
  2 naga sharpshooters
  An orc knight (Orc:4)
  A cyclops (Shoals:1)
  A salamander (Snake:1)
  2 centaur skeletons
  A naga mage (Snake:4)
  A komodo dragon (D:14)
  2 merfolk
  A water elemental (D:11)
  A yak (Lair:2)
  3 nagas (Snake:4)
  An ogre (Vaults:1)
  A killer bee (D:13)
  An orc priest (D:7)
  An orc wizard (Orc:4)
  An ogre simulacrum (IceCv)
  A river rat (Lair:1)
  A white imp (IceCv)
  6 orcs
  11 fungi
  6 plants
  8 tentacles
  600 tentacle segments
  7 toadstools (D:1)
662 creatures vanquished.

Grand Total: 2254 creatures vanquished

Notes
Turn   | Place    | Note
--------------------------------------------------------------
     0 | D:1      | Kramin the Ghoul Arcane Marksman began the quest for the Orb.
     0 | D:1      | Reached XP level 1. HP: 16/16 MP: 1/1
   185 | D:1      | Reached skill level 1 in Unarmed Combat
   244 | D:1      | Reached XP level 2. HP: 21/23 MP: 2/2
   656 | D:2      | Reached XP level 3. HP: 28/28 MP: 3/3
   699 | D:2      | Found an iron altar of Okawaru.
   858 | D:2      | Reached skill level 3 in Unarmed Combat
  1279 | D:3      | Found an iron altar of Okawaru.
  1279 | D:3      | Found a sacrificial altar of Ru.
  1287 | D:3      | Became a worshipper of Ru the Awakened
  1320 | D:3      | Reached XP level 4. HP: 23/35 MP: 4/4
  1324 | D:3      | Reached skill level 4 in Unarmed Combat
  1503 | D:3      | Reached XP level 5. HP: 40/40 MP: 5/5
  1536 | D:3      | Found a snail-covered altar of Cheibriados.
  1710 | D:3      | Noticed Jessica
  1715 | D:3      | Killed Jessica
  1715 | D:3      | Reached skill level 5 in Unarmed Combat
  2231 | D:4      | Noticed an ogre
  2248 | D:4      | Killed an ogre
  2248 | D:4      | Reached skill level 6 in Unarmed Combat
  2248 | D:4      | Reached XP level 6. HP: 19/47 MP: 6/6
  2544 | D:4      | Gained mutation: You are sensitive to extremes of temperature (rF-, rC-). [Ru sacrifice]
  2544 | D:4      | Reached * piety under Ru
  2544 | D:4      | Reached ** piety under Ru
  2544 | D:4      | Reached *** piety under Ru
  2772 | D:4      | Noticed OmG's ghost (amateur DEWz)
  2787 | D:4      | Killed OmG's ghost
  2787 | D:4      | Reached skill level 7 in Unarmed Combat
  2787 | D:4      | Reached XP level 7. HP: 29/52 MP: 7/7
  3102 | D:4      | Reached skill level 8 in Unarmed Combat
  3271 | D:4      | Found a bloodstained altar of Trog.
  3477 | D:5      | Entered Level 5 of the Dungeon
  3581 | D:5      | Found Wybal's Gadget Boutique.
  3644 | D:5      | Reached skill level 9 in Unarmed Combat
  3867 | D:5      | Found a shimmering altar of Xom.
  3871 | D:5      | Reached XP level 8. HP: 59/59 MP: 8/8
  4123 | D:6      | Reached skill level 10 in Unarmed Combat
  4243 | D:6      | Gained mutation: You cannot study or use magical devices. [Ru sacrifice]
  4243 | D:6      | Reached **** piety under Ru
  4243 | D:6      | Reached ***** piety under Ru
  4277 | D:6      | Found a blossoming altar of Fedhas.
  4441 | D:6      | Found a staircase to the Ecumenical Temple.
  4506 | D:6      | Identified Zeizyejar's Tome of Arcane Weapons and the Entourage
  4637 | D:6      | Reached skill level 11 in Unarmed Combat
  4741 | D:6      | Reached XP level 9. HP: 56/72 MP: 9/9
  4773 | D:6      | Reached skill level 5 in Fighting
  4963 | D:7      | Noticed Joseph
  4980 | D:7      | Killed Joseph
  5428 | D:7      | Reached skill level 12 in Unarmed Combat
  5821 | D:8      | Reached XP level 10. HP: 84/88 MP: 10/10
  5838 | D:8      | Found an ancient bone altar of Kikubaaqudgha.
  6099 | D:8      | Gained mutation: You are dopey. (Int -2) [Ru sacrifice]
  6159 | D:8      | Noticed Psyche
  6168 | D:8      | Killed Psyche
  6455 | D:8      | Noticed Maurice
  6471 | D:8      | Reached skill level 13 in Unarmed Combat
  6477 | D:8      | Killed Maurice
  6835 | D:9      | Found a staircase to the Orcish Mines.
  6923 | D:9      | Reached skill level 10 in Fighting
  7199 | D:9      | Reached XP level 11. HP: 100/100 MP: 11/11
  7511 | D:9      | Reached skill level 14 in Unarmed Combat
  7579 | D:9      | Found Tuyk's Magic Scroll Boutique.
  7589 | D:9      | Bought a scroll of identify for 22 gold pieces
  7589 | D:9      | Bought a scroll of identify for 22 gold pieces
  7682 | D:10     | Entered Level 10 of the Dungeon
  7840 | D:10     | Gained mutation: You cannot be stealthy. [Ru sacrifice]
  7840 | D:10     | Reached ****** piety under Ru
  7860 | D:10     | Found a glowing silver altar of Zin.
  8292 | D:10     | Found a staircase to the Lair.
  8353 | D:10     | Noticed an unseen horror
  8362 | D:10     | Killed an unseen horror
  8749 | Lair:1   | Entered Level 1 of the Lair of Beasts
  8826 | Lair:1   | Reached skill level 1 in Armour
  9258 | Lair:1   | Reached skill level 15 in Unarmed Combat
  9638 | Lair:1   | Reached XP level 12. HP: 72/112 MP: 12/12
  9837 | Lair:2   | Noticed a six-headed hydra
  9847 | Lair:2   | Killed a six-headed hydra
 10224 | Lair:2   | Reached skill level 16 in Unarmed Combat
 10827 | Lair:3   | Found a staircase to the Snake Pit.
 10962 | Lair:3   | Reached skill level 5 in Armour
 11219 | Lair:3   | Reached XP level 13. HP: 112/119 MP: 13/13
 11743 | Lair:3   | Reached skill level 17 in Unarmed Combat
 11873 | Lair:4   | Found a frozen archway.
 11882 | IceCv    | Entered an ice cave
 12327 | IceCv    | Found an ancient bone altar of Kikubaaqudgha.
 13620 | Lair:5   | Found a labyrinth entrance.
 13632 | Lab      | Entered a labyrinth
 14026 | Lab      | Noticed a minotaur
 14039 | Lab      | Killed a minotaur
 14360 | Lair:5   | Found a staircase to the Shoals.
 14978 | Lair:6   | Reached skill level 18 in Unarmed Combat
 15218 | Lair:6   | Reached XP level 14. HP: 113/130 MP: 14/14
 16213 | Lair:7   | Noticed Rupert
 16242 | Lair:7   | Killed Rupert
 16735 | Lair:8   | Entered Level 8 of the Lair of Beasts
 17167 | Lair:8   | Reached skill level 19 in Unarmed Combat
 17863 | Lair:8   | Reached skill level 15 in Fighting
 17863 | Lair:8   | Reached XP level 15. HP: 116/141 MP: 15/15
 18923 | Orc:1    | Entered Level 1 of the Orcish Mines
 18989 | Orc:1    | Found Zimauche's Quality Used Wands.
 18994 | Orc:1    | Noticed Harold
 19007 | Orc:1    | Killed Harold
 19394 | Orc:3    | Noticed Sonja
 19398 | Orc:3    | Killed Sonja
 19457 | Orc:3    | Noticed Urug
 19485 | Orc:3    | Killed Urug
 19485 | Orc:3    | Reached skill level 20 in Unarmed Combat
 19693 | Orc:3    | Found Vepixigho's Distillery.
 19706 | Orc:3    | Bought a potion of invisibility for 96 gold pieces
 19706 | Orc:3    | Bought a potion of degeneration for 12 gold pieces
 19909 | Orc:2    | Found Bulizukast's Armour Boutique.
 19918 | Orc:2    | Bought the +1 chain mail of Qeidagud {Regen+} for 264 gold pieces
 19986 | Orc:4    | Entered Level 4 of the Orcish Mines
 20417 | Orc:4    | Found a roughly hewn altar of Beogh.
 20529 | Orc:4    | Found Qaaveifu's Antique Weapon Boutique.
 20535 | Orc:4    | Reached skill level 10 in Armour
 20551 | Orc:4    | Found Qemainea's Distillery.
 20563 | Orc:4    | Bought a potion of resistance for 120 gold pieces
 20563 | Orc:4    | Bought a potion of heal wounds for 60 gold pieces
 20563 | Orc:4    | Bought a potion of heal wounds for 60 gold pieces
 21206 | Orc:4    | Found a roughly hewn altar of Beogh.
 21239 | Orc:4    | Found Ufewke's General Store.
 21265 | Orc:4    | Bought the ring "Yqaump" {+Inv rElec MP+9 Str+2 Dex+2} for 889 gold pieces
 21302 | Orc:4    | Found Fapra's Weapon Emporium.
 21487 | Orc:4    | Found a staircase to the Elven Halls.
 21943 | D:11     | Noticed Erica
 21955 | D:11     | Killed Erica
 22279 | D:11     | Reached skill level 5 in Dodging
 22869 | D:12     | Reached skill level 5 in Throwing
 23041 | D:12     | Reached XP level 16. HP: 137/149 MP: 16/16
 23988 | D:13     | Found a gate to the Vaults.
 25365 | D:14     | Noticed Roxanne
 25413 | D:14     | Killed Roxanne
 25415 | D:14     | Identified Roxanne's Guide on Unstable Clay (You took it off Roxanne on level 14 of the Dungeon)
 25581 | D:15     | Entered Level 15 of the Dungeon
 25859 | D:15     | Noticed Louise
 25872 | D:15     | Killed Louise
 26322 | D:15     | Found a staircase to the Depths.
 26368 | D:15     | Identified 2 scrolls of acquirement
 26369 | D:15     | Got a fine plate armour
 26380 | D:15     | Identified the +5 plate armour of the Elven Halls {Int+4} (You acquired it on level 15 of the Dungeon)
 26393 | D:15     | Identified a +2 pair of boots of running (You acquired it on level 15 of the Dungeon)
 26749 | Orc:2    | Bought a +1 pair of gloves of dexterity for 264 gold pieces
 26844 | Elf:1    | Entered Level 1 of the Elven Halls
 26849 | Elf:1    | Noticed Frances
 26870 | Elf:1    | Killed Frances
 27091 | Snake:1  | Entered Level 1 of the Snake Pit
 27159 | Snake:1  | Reached XP level 17. HP: 134/156 MP: 17/17
 27314 | Snake:1  | Found a sacrificial altar of Ru.
 28694 | Snake:2  | Got a pair of smoking boots
 28705 | Snake:2  | Identified the +2 pair of boots "Delay" {+Fly rElec rC+ Int-5} (You acquired it on level 2 of the Snake Pit)
 29163 | Snake:2  | Reached skill level 10 in Dodging
 29851 | Snake:3  | Found Udi Mus's Weapon Boutique.
 29961 | Snake:3  | Noticed Agnes
 29977 | Snake:3  | Reached skill level 10 in Throwing
 30056 | Snake:3  | Reached XP level 18. HP: 127/163 MP: 18/18
 30155 | Snake:3  | Killed Agnes
 30335 | Snake:4  | Entered Level 4 of the Snake Pit
 30335 | Snake:4  | Noticed Aizul
 30357 | Snake:4  | Killed Aizul
 30559 | Snake:4  | Noticed Vashnia
 30632 | Snake:4  | Killed Vashnia
 31603 | Snake:4  | Got a serpentine rune of Zot
 31761 | Snake:4  | Reached XP level 19. HP: 170/170 MP: 19/19
 32883 | Shoals:1 | Entered Level 1 of the Shoals
 34475 | Shoals:3 | Reached skill level 21 in Unarmed Combat
 34527 | Shoals:3 | Got an encrusted scale mail
 34538 | Shoals:3 | Identified the +0 scale mail "Bijuryde" {+Blink} (You found it on level 3 of the Shoals)
 35034 | Shoals:4 | Entered Level 4 of the Shoals
 35132 | Shoals:4 | Found Gaugyiq's Assorted Antiques.
 35135 | Shoals:4 | Bought a smoking iron amulet for 155 gold pieces
 35136 | Shoals:4 | Identified the amulet of Petiog {Clar Str+5} (You bought it in a shop on level 4 of the Shoals)
 35725 | Shoals:4 | Got a vibrating crystal amulet
 35727 | Shoals:4 | Identified the amulet of Xom's Displeasure {Faith rPois} (You found it on level 4 of the Shoals)
 35904 | Shoals:4 | Reached XP level 20. HP: 163/180 MP: 20/20
 35944 | Shoals:4 | Noticed Ilsuiw
 35968 | Shoals:4 | Killed Ilsuiw
 36207 | Shoals:4 | Got a barnacled rune of Zot
 36339 | Shoals:4 | Noticed Polyphemus
 36384 | Shoals:4 | Killed Polyphemus
 37016 | Vaults:1 | Entered Level 1 of the Vaults
 37402 | Vaults:1 | Reached skill level 22 in Unarmed Combat
 37504 | Vaults:1 | HP: 7/182 [ogre mage/bolt of fire (32)]
 37506 | Vaults:1 | Killed from afar by an ogre mage

Action                   |  1- 3 |  4- 6 |  7- 9 | 10-12 | 13-15 | 16-18 | 19-21 || total
-------------------------+-------+-------+-------+-------+-------+-------+-------++-------
Melee: Unarmed           |   163 |   135 |   452 |   763 |  1861 |  1987 |  1275 ||  6636
Throw: Javelin           |       |     3 |       |     1 |     9 |     5 |       ||    18
       Throwing net      |       |     1 |     1 |       |     1 |       |       ||     3
       Tomahawk          |       |       |       |       |     1 |     6 |       ||     7
Invok: Sacrifice Resista |       |     1 |       |       |       |       |       ||     1
       Sacrifice Artific |       |       |     1 |       |       |       |       ||     1
       Apocalypse        |       |       |       |     1 |     2 |     3 |     2 ||     8
       Sacrifice Purity  |       |       |       |     1 |       |       |       ||     1
       Sacrifice Stealth |       |       |       |     1 |       |       |       ||     1
       Draw Out Power    |       |       |       |     1 |     2 |     2 |       ||     5
       Power Leap        |       |       |       |       |       |     1 |       ||     1
  Use: Scroll            |       |     6 |     2 |     4 |    18 |    11 |     3 ||    44
       Potion            |       |       |     1 |       |     1 |     2 |     1 ||     5
 Stab: Held in net/web   |       |     2 |     1 |       |     1 |       |       ||     4
       Invisible         |       |       |     6 |    22 |    35 |    34 |    31 ||   128
       Distracted        |       |       |     1 |     2 |    10 |    11 |     7 ||    31
       Paralysed         |       |       |     5 |    18 |    28 |    20 |     8 ||    79
       Petrifying        |       |       |       |     1 |       |       |     3 ||     4
       Petrified         |       |       |       |       |     1 |       |     5 ||     6
  Eat: Chunk             |     4 |     6 |    45 |   109 |   192 |   184 |   111 ||   651
       Meat ration       |       |       |       |     2 |     1 |       |       ||     3
